 Dungeon Crawl Stone Soup version 0.25-a0-1133-g93ebf739aa (webtiles) character file.

Game seed: 2528416082177598224, levelgen mode: deterministic

375 Flugslaktarn the Chopper (level 6, -2/57 HPs)
             Began as a Deep Dwarf Fighter on May 21, 2020.
             Slain by a bullfrog (3 damage)
             ... on level 6 of the Dungeon.
             The game lasted 00:00:46 (734 turns).

Flugslaktarn the Chopper (Deep Dwarf Fighter)        Turns: 734, Time: 00:00:46

Health: -2/57      AC:  8    Str: 21    XL:     6   Next: 44%
Magic:  5/5        EV:  7    Int:  9    God:
Gold:   22         SH:  0    Dex: 12    Spells: 5/5 levels left

rFire    . . .     SeeInvis .   a - +0 war axe
rCold    . . .     Gourm    .   c - +0 kite shield
rNeg     . . .     Faith    .   b - +0 scale mail
rPois    .         Spirit   .   (no helmet)
rElec    .         Reflect  .   (no cloak)
rCorr    .         Harm     .   l - +0 pair of gloves (curse)
MR       .....                  (no boots)
Stlth    ..........             (no amulet)
HPRegen  0.00/turn              (no ring)
MPRegen  0.09/turn              (no ring)

@: confused, mighty, lethally poisoned (-2 -> -14), stab, non-regenerating,
hasted, very quick
A: damage resistance, heal wounds, sense surroundings 1, no regeneration
a: Heal Wounds


You were on level 6 of the Dungeon.
You were not hungry.

You visited 1 branch of the dungeon, and saw 6 of its levels.

You collected 22 gold pieces.

Inventory:

Hand Weapons
 a - a +0 war axe (weapon)
Armour
 b - a +0 scale mail (worn)
 c - a +0 kite shield (worn)
 l - a cursed +0 pair of gloves (worn)
   (You found it on level 5 of the Dungeon)
Scrolls
 i - 2 scrolls of identify {unknown}
 j - a scroll of remove curse {unknown}
Potions
 h - a potion of haste
 k - a potion of magic
Comestibles
 e - a ration


   Skills:
 + Level 3.8 Fighting
 * Level 5.1 Axes
 + Level 4.6 Armour
 + Level 4.6 Shields


You had 5 spell levels left.
You didn't know any spells.
Your spell library was empty.

Dungeon Overview and Level Annotations

Branches:
Dungeon (6/15)
 Temple: D:4-7

Altars:

Annotations:
D:6 Sigmund


Innate Abilities, Weirdness & Mutations

You are resistant to damage.
You can heal yourself by infusing magical energy.
You passively map a small area around you.
You do not regenerate.


Message History

A puff of flame appears from out of thin air!
The puff of flame hits you.
* * * LOW HITPOINT WARNING * * *
You feel very mighty all of a sudden.
You feel sick. The bullfrog closely misses you.
The orc hits you but does no damage.
You're too confused!
You're too confused to move!
You feel sick. Sigmund hits you but does no damage.
The bullfrog hits you but does no damage.
Something hits you. Something burns you.
You feel sick. Something hits you but does no damage.
You feel sick. The bullfrog hits you.
* * * LOW HITPOINT WARNING * * *
Sigmund hits you from afar with a +2 scythe of venom!
* * * LOW HITPOINT WARNING * * *
You are more poisoned.
* * * LOW HITPOINT WARNING * * *
You feel sick. The bullfrog hits you.
You die...

....... ,
....... ....!..,
......., .(.....
, ##.......
#######........
#...<.o........
#.....F@.......,
#.....{@.......
#...†)†........
#.(........#...
#..........>.##
#...........?# ,
#..).........# ,
###..........# *
..........# ,


You could see Sigmund, a bullfrog and an orc.

Vanquished Creatures
  2 scorpions
  A crimson imp (D:6)
  A bullfrog zombie (D:5)
  A bullfrog skeleton (D:4)
  2 orc wizards
  A worker ant (D:4)
  4 adders
  An ooze (D:4)
  A worm (D:2)
  An adder skeleton (D:4)
  2 dart slugs
  4 leopard geckos
  9 orcs
  3 bats (D:3)
  A giant cockroach (D:2)
  7 jackals
  A kobold (D:1)
  A quokka (D:5)
  A frilled lizard (D:3)
  2 rats
46 creatures vanquished.

Notes
Turn   | Place    | Note
-------+----------+-------------------------------------------
     0 | D:1      | Flugslaktarn the Deep Dwarf Fighter began the quest for the
                  | Orb.
     0 | D:1      | Reached XP level 1. HP: 20/20 MP: 1/1
   113 | D:2      | Reached XP level 2. HP: 25/27 MP: 2/2
   128 | D:2      | Reached skill level 3 in Axes
   128 | D:2      | Reached XP level 3. HP: 22/33 MP: 3/3
   203 | D:3      | Noticed a scorpion
   225 | D:3      | Killed a scorpion
   225 | D:3      | Reached XP level 4. HP: 37/42 MP: 4/4
   383 | D:4      | Reached skill level 4 in Axes
   383 | D:4      | Reached XP level 5. HP: 20/49 MP: 5/5
   660 | D:5      | Entered Level 5 of the Dungeon
   674 | D:5      | Reached XP level 6. HP: 31/57 MP: 5/5
   701 | D:6      | Noticed Sigmund
   722 | D:6      | Reached skill level 5 in Axes
   733 | D:6      | HP: 2/57 [Sigmund/+2 scythe of venom (5)]
   734 | D:6      | Slain by a bullfrog

Illustrated notes

Levels and vault maps discovered:
D:1:      dpeg_arrival_round_c, layout_basic
D:2:      layout_rooms, uniq_natasha
D:3:      layout_loops_cross, nemelex_xobeh_ov_fountains_minmay, uniq_jessica
D:4:      layout_loops_corners, serial_shops, nicolae_shop_statue_plus
D:5:      layout_cave_pools, first_ration
D:6:      layout_rooms, uniq_sigmund

Skill      XL: |  1  2  3  4  5  6 |
---------------+-------------------+-----
Axes           | 3 4 5 |  5.1
Fighting       | 3 |  3.8
Armour         | 4 |  4.6
Shields        | 4 |  4.6

Action                   |  1- 3 |  4- 6 || total
-------------------------+-------+-------++-------
Melee: War axe           |    56 |   125 ||   181
 Abil: Heal Wounds       |     2 |     4 ||     6
  Use: Potion            |       |     4 ||     4
Armor: Scale mail        |    40 |    88 ||   128
Dodge: Dodged            |    25 |    48 ||    73
Block: Kite shield       |    40 |    75 ||   115

Table legend:
 A = Non-vault XP
 B = Vault XP
 C = Vault XP percentage of total XP
 D = Non-vault monster count
 E = Vault monster count
 F = Vault count percentage of total count
                 A         B        C        D         E       F
            +---------+---------+-------+---------+---------+-------
      Total |     536 |       0 |   0.0 |      46 |       0 |   0.0
            +---------+---------+-------+---------+---------+-------
        D:1 |       6 |       0 |   0.0 |       2 |       0 |   0.0
        D:2 |      50 |       0 |   0.0 |      11 |       0 |   0.0
        D:3 |      79 |       0 |   0.0 |       6 |       0 |   0.0
        D:4 |     220 |       0 |   0.0 |      12 |       0 |   0.0
        D:5 |     103 |       0 |   0.0 |       7 |       0 |   0.0
        D:6 |      78 |       0 |   0.0 |       8 |       0 |   0.0
            +---------+---------+-------+---------+---------+-------
